| TOP OF THE 1ST |
|
Madison Brewers batting - Pitching for Portland Angels : RHP Getachew El Sayed
|
|
Pitching: RHP Getachew El Sayed
|
|
|
Batting: RHB Mohammed bin Ubaida
|
0-0: Called Strike 0-1: Ground out 6-3 (Groundball, 6S, EV 80.0 MPH)
|
|
Batting: RHB Lorenzo Diaz
|
0-0: Called Strike 0-1: Ball 1-1: Ball 2-1: Swinging Strike 2-2: Strikes out swinging
|
|
Batting: LHB Greg Reedy
|
0-0: Swinging Strike 0-1: Swinging Strike 0-2: Ball 1-2: Strikes out swinging
|
| Top of the 1st over - 0 runs, 0 hits, 0 errors, 0 left on base; Madison 0 - Portland 0 |
| BOTTOM OF THE 1ST |
|
Portland Angels batting - Pitching for Madison Brewers : RHP Ryan Powers
|
|
Pitching: RHP Ryan Powers
|
|
|
Batting: RHB Dan Myers
|
0-0: Ball 1-0: Swinging Strike 1-1: SINGLE (Line Drive, 9S, EV 94.4 MPH)
|
|
Batting: RHB Aaron Bryant
|
0-0: Ball 1-0: Called Strike 1-1: Ball 2-1: Grounds into double play, 6-4-3 (Groundball, 6, EV 84.4 MPH)
|
|
Batting: RHB Dan Thomey
|
0-0: Foul Ball, location: 2F 0-1: Ball 1-1: Foul Ball, location: 2F 1-2: Ball 2-2: DOUBLE (Flyball, 89XD, EV 102.5 MPH)
|
|
Batting: RHB Noah Pena
|
0-0: Called Strike 0-1: Foul Ball, location: 2F 0-2: Ball 1-2: 2-RUN HOME RUN (Flyball, 7D, EV 96.2 MPH), Distance : 350 ft
|
|
Batting: LHB Ramon Garduno
|
0-0: SINGLE (Line Drive, 8LS, EV 112.5 MPH)
|
|
Batting: SHB Danny Gelinas
|
0-0: Ball 1-0: Ball 2-0: Ball 3-0: Base on Balls Ramon Garduno to second
|
|
Batting: RHB Brendan Garoutte
|
0-0: SINGLE (Groundball, 34D, EV 107.5 MPH) Ramon Garduno to third Danny Gelinas to second Runner from 3rd tries for Home, SAFE, throw by RF to home
|
|
Batting: SHB Yuya Hirata
|
0-0: Foul Ball, location: 2F 0-1: Ball 1-1: Foul Ball, location: 2F 1-2: SINGLE (Groundball, 34D, EV 108.1 MPH) Danny Gelinas to third Brendan Garoutte to second Runner from 3rd tries for Home, SAFE, throw by RF to home
|
|
Batting: RHB Carlos Gonzales
|
0-0: Foul Ball, location: 2F 0-1: Ball 1-1: Foul Ball, location: 2F 1-2: Ball 2-2: Foul Ball, location: 2F 2-2: Ball 3-2: Base on Balls Brendan Garoutte to third Yuya Hirata to second
|
|
Batting: RHB Dan Myers
|
0-0: Called Strike 0-1: Swinging Strike 0-2: Ball 1-2: Strikes out swinging
|
| Bottom of the 1st over - 4 runs, 6 hits, 0 errors, 3 left on base; Madison 0 - Portland 4 |
| TOP OF THE 2ND |
|
Madison Brewers batting - Pitching for Portland Angels : RHP Getachew El Sayed
|
|
Batting: LHB Dusty Bryant
|
0-0: Called Strike 0-1: Ball 1-1: Fly out, F9 (Line Drive, 9S, EV 88.8 MPH)
|
|
Batting: RHB Tony Beaumond
|
0-0: Foul Ball, location: 2F 0-1: Swinging Strike 0-2: Strikes out swinging
|
|
Batting: RHB Xiao-shuang Au
|
0-0: Ball 1-0: Ball 2-0: Swinging Strike 2-1: Foul Ball, location: 2F 2-2: Fly out, F7 (Flyball, 7D, EV 93.1 MPH)
|
| Top of the 2nd over - 0 runs, 0 hits, 0 errors, 0 left on base; Madison 0 - Portland 4 |
| BOTTOM OF THE 2ND |
|
Portland Angels batting - Pitching for Madison Brewers : RHP Ryan Powers
|
|
Batting: RHB Aaron Bryant
|
0-0: Ball 1-0: Called Strike 1-1: Foul Ball, location: 2F 1-2: Foul Ball, location: 2F 1-2: Fly out, F7 (Flyball, 7S, EV 89.4 MPH)
|
|
Batting: RHB Dan Thomey
|
0-0: Ball 1-0: Swinging Strike 1-1: SOLO HOME RUN (Flyball, 78XD, EV 96.2 MPH), Distance : 370 ft
|
|
Batting: RHB Noah Pena
|
0-0: Called Strike 0-1: Ball 1-1: Ball 2-1: Ground out 5-3 (Groundball, 56, EV 110.0 MPH)
|
|
Batting: LHB Ramon Garduno
|
0-0: Fly out, F7 (Flyball, 78S, EV 90.0 MPH)
|
| Bottom of the 2nd over - 1 run, 1 hit, 0 errors, 0 left on base; Madison 0 - Portland 5 |
| TOP OF THE 3RD |
|
Madison Brewers batting - Pitching for Portland Angels : RHP Getachew El Sayed
|
|
Batting: RHB Eli Valles
|
0-0: Ball 1-0: Ball 2-0: Called Strike 2-1: Foul Ball, location: 2F 2-2: SINGLE (Line Drive, 34, EV 98.1 MPH)
|
|
Batting: LHB Tony Hasbun
|
0-0: Fly out, F6 (Popup, 6, EV 51.2 MPH)
|
|
Batting: RHB Malcolm McCauley
|
0-0: SINGLE (Line Drive, 9LS, EV 93.1 MPH) Eli Valles to second Runner from 2nd tries for 3rd, SAFE, throw by RF made to third
|
|
Batting: RHB Mohammed bin Ubaida
|
0-0: Ball 1-0: Foul Ball, location: 2F 1-1: Ball 2-1: Foul Ball, location: 2F 2-2: Strikes out swinging
|
|
Batting: RHB Lorenzo Diaz
|
0-0: Ball 1-0: Called Strike 1-1: Swinging Strike 1-2: Ball 2-2: Strikes out swinging
|
| Top of the 3rd over - 0 runs, 2 hits, 0 errors, 2 left on base; Madison 0 - Portland 5 |
| BOTTOM OF THE 3RD |
|
Portland Angels batting - Pitching for Madison Brewers : RHP Ryan Powers
|
|
Batting: SHB Danny Gelinas
|
0-0: Hit by Pitch
|
|
Batting: RHB Brendan Garoutte
|
0-0: Foul Ball, location: 2F 0-1: Fielders Choice at 2nd, 1-6 (Groundball, 34S, EV 65.6 MPH)
|
|
Batting: SHB Yuya Hirata
|
0-0: Foul Ball, location: 2F 0-1: Ball 1-1: Grounds into double play, 4-6-3 (Groundball, 34, EV 108.8 MPH)
|
| Bottom of the 3rd over - 0 runs, 0 hits, 0 errors, 0 left on base; Madison 0 - Portland 5 |
| TOP OF THE 4TH |
|
Madison Brewers batting - Pitching for Portland Angels : RHP Getachew El Sayed
|
|
Batting: LHB Greg Reedy
|
0-0: Ball 1-0: Ball 2-0: Called Strike 2-1: Foul Ball, location: 2F 2-2: Ball 3-2: SOLO HOME RUN (Flyball, 9LD, EV 95.6 MPH), Distance : 350 ft
|
|
Batting: LHB Dusty Bryant
|
0-0: Foul Ball, location: 2F 0-1: Ball 1-1: Foul Ball, location: 2F 1-2: Ball 2-2: Strikes out looking
|
|
Batting: RHB Tony Beaumond
|
0-0: Foul Ball, location: 2F 0-1: Ball 1-1: Foul Ball, location: 2F 1-2: Foul Ball, location: 2F 1-2: Strikes out swinging
|
|
Batting: RHB Xiao-shuang Au
|
0-0: Ball 1-0: Foul Ball, location: 2F 1-1: Called Strike 1-2: SINGLE (Groundball, 56, EV 97.5 MPH)
|
|
Batting: RHB Eli Valles
|
0-0: Foul Ball, location: 2F 0-1: Ball 1-1: Ground out 4-3 (Groundball, 34, EV 98.8 MPH)
|
| Top of the 4th over - 1 run, 2 hits, 0 errors, 1 left on base; Madison 1 - Portland 5 |
| BOTTOM OF THE 4TH |
|
Portland Angels batting - Pitching for Madison Brewers : RHP Ryan Powers
|
|
Batting: RHB Carlos Gonzales
|
0-0: Fly out, F9 (Flyball, 89S, EV 75.0 MPH)
|
|
Batting: RHB Dan Myers
|
0-0: Fly out, F9 (Flyball, 9LD, EV 98.8 MPH)
|
|
Batting: RHB Aaron Bryant
|
0-0: Swinging Strike 0-1: Foul Ball, location: 2F 0-2: Ball 1-2: Fly out, F9 (Flyball, 9S, EV 86.9 MPH)
|
| Bottom of the 4th over - 0 runs, 0 hits, 0 errors, 0 left on base; Madison 1 - Portland 5 |
| TOP OF THE 5TH |
|
Madison Brewers batting - Pitching for Portland Angels : RHP Getachew El Sayed
|
|
Batting: LHB Tony Hasbun
|
0-0: Ball 1-0: Foul Ball, location: 2F 1-1: Foul Ball, location: 2F 1-2: Hit by Pitch
|
|
Batting: RHB Malcolm McCauley
|
0-0: Ball 1-0: SINGLE (Flyball, 8LS, EV 87.5 MPH) Tony Hasbun to second Runner from 2nd tries for 3rd, SAFE, throw by CF made to third
|
|
Batting: RHB Mohammed bin Ubaida
|
0-0: Ball 1-0: Ball 2-0: Called Strike 2-1: Ball Passed Ball! Tony Hasbun scores Malcolm McCauley to second 3-1: Foul Ball, location: 2F 3-2: Fly out, F7 (Flyball, 7D, EV 101.9 MPH) Runner from 2nd tags up, SAFE at 3rd, no throw by LF
|
|
Batting: RHB Lorenzo Diaz
|
0-0: Called Strike 0-1: Swinging Strike 0-2: Ball 1-2: Ball 2-2: Strikes out swinging
|
|
Pitching: RHP Carlos Olbera
|
|
|
Batting: LHB Greg Reedy
|
0-0: Ball 1-0: Ball 2-0: Swinging Strike 2-1: Foul Ball, location: 2F 2-2: Fly out, F8 (Flyball, 78M, EV 85.0 MPH)
|
| Top of the 5th over - 1 run, 1 hit, 0 errors, 1 left on base; Madison 2 - Portland 5 |
| BOTTOM OF THE 5TH |
|
Portland Angels batting - Pitching for Madison Brewers : RHP Ryan Powers
|
|
Batting: RHB Dan Thomey
|
0-0: Ball 1-0: Called Strike 1-1: Ball 2-1: Ball 3-1: Called Strike 3-2: Base on Balls
|
|
Batting: RHB Noah Pena
|
0-0: Ball 1-0: Ball 2-0: Swinging Strike 2-1: Ball 3-1: Grounds into double play, 5-4-3 (Groundball, 56, EV 86.2 MPH)
|
|
Batting: LHB Ramon Garduno
|
0-0: Foul Ball, location: 2F 0-1: SINGLE (Line Drive, 56D, EV 95.6 MPH)
|
|
Batting: SHB Danny Gelinas
|
0-0: Ball 1-0: Foul Ball, location: 2F 1-1: Foul Ball, location: 2F 1-2: Ball 2-2: Fielders Choice at 2nd, U6 (Groundball, 4MD, EV 106.2 MPH)
|
| Bottom of the 5th over - 0 runs, 1 hit, 0 errors, 1 left on base; Madison 2 - Portland 5 |
| TOP OF THE 6TH |
|
Madison Brewers batting - Pitching for Portland Angels : RHP Carlos Olbera
|
|
Batting: LHB Dusty Bryant
|
0-0: Foul Ball, location: 2F 0-1: Ball 1-1: SINGLE (Groundball, 34D, EV 97.5 MPH)
|
|
Batting: RHB Tony Beaumond
|
0-0: Fly out, F8 (Flyball, 8RS, EV 87.5 MPH)
|
|
Batting: RHB Xiao-shuang Au
|
0-0: Called Strike 0-1: Ball 1-1: Called Strike Dusty Bryant steals 2nd, throwing error, E2 Dusty Bryant to third 1-2: Strikes out swinging
|
|
Batting: RHB Eli Valles
|
0-0: Called Strike 0-1: Called Strike 0-2: Ball 1-2: Ball 2-2: Strikes out swinging
|
| Top of the 6th over - 0 runs, 1 hit, 1 error, 1 left on base; Madison 2 - Portland 5 |
| BOTTOM OF THE 6TH |
|
Portland Angels batting - Pitching for Madison Brewers : RHP Ryan Powers
|
|
Batting: RHB Brendan Garoutte
|
0-0: Ball 1-0: Swinging Strike 1-1: Called Strike 1-2: Ball 2-2: Ball 3-2: Ground out U3 (Groundball, 34, EV 78.1 MPH)
|
|
Batting: SHB Yuya Hirata
|
0-0: Ground out 4-3 (Groundball, 34, EV 110.0 MPH)
|
|
Batting: RHB Carlos Gonzales
|
0-0: Fly out, F9 (Line Drive, 9, EV 93.1 MPH)
|
| Bottom of the 6th over - 0 runs, 0 hits, 0 errors, 0 left on base; Madison 2 - Portland 5 |
| TOP OF THE 7TH |
|
Madison Brewers batting - Pitching for Portland Angels : RHP Carlos Olbera
|
|
Batting: LHB Tony Hasbun
|
0-0: Ball 1-0: Ball 2-0: Called Strike 2-1: Called Strike 2-2: Ball 3-2: Foul Ball, location: 2F 3-2: Base on Balls
|
|
Pinch Hitting: LHB Alex Chairez
|
0-0: Foul Ball, location: 2F 0-1: Ball Tony Hasbun steals 2nd, throwing error, E2 Tony Hasbun to third 1-1: Foul Ball, location: 2F 1-2: Fly out, F8 (Flyball, 78M, EV 83.8 MPH) Runner from 3rd tags up, SCORES, throw by CF
|
|
Batting: RHB Mohammed bin Ubaida
|
0-0: Ball 1-0: Foul Ball, location: 2F 1-1: Foul Ball, location: 2F 1-2: Ball 2-2: SINGLE (Groundball, 4MS, EV 71.2 MPH) (infield hit)
|
|
Batting: RHB Lorenzo Diaz
|
0-0: Ball 1-0: Called Strike Mohammed bin Ubaida steals 2nd, throwing error, E2 Mohammed bin Ubaida to third 1-1: Foul Ball, location: 2F 1-2: Strikes out swinging
|
|
Pitching: RHP Nick Kempson
|
|
|
Batting: LHB Greg Reedy
|
0-0: Ball 1-0: Foul Ball, location: 2F 1-1: DOUBLE (Flyball, 9LD, EV 94.4 MPH) Mohammed bin Ubaida scores
|
|
Batting: LHB Dusty Bryant
|
0-0: Ball 1-0: Fly out, F9 (Flyball, 89D, EV 80.0 MPH)
|
| Top of the 7th over - 2 runs, 2 hits, 2 errors, 1 left on base; Madison 4 - Portland 5 |
| BOTTOM OF THE 7TH |
|
Portland Angels batting - Pitching for Madison Brewers : RHP Ryan Powers
|
|
Now in CF: Todd Massad
|
|
|
Batting: RHB Dan Myers
|
0-0: Ball 1-0: Foul Ball, location: 2F 1-1: Ball 2-1: Ball 3-1: Foul Ball, location: 2F 3-2: Foul Ball, location: 2F 3-2: SINGLE (Groundball, 56S, EV 70.0 MPH) (infield hit)
|
|
Batting: RHB Aaron Bryant
|
0-0: Ball Dan Myers steals 2nd base 1-0: Called Strike 1-1: DOUBLE (Line Drive, 3D, EV 97.5 MPH) Dan Myers scores
|
|
Batting: RHB Dan Thomey
|
0-0: Ball 1-0: Ball 2-0: Fly out, F9 (Line Drive, 9LS, EV 90.6 MPH) Lined into DP, 9-6 (Line Drive, 9LS, EV 90.6 MPH)
|
|
Batting: RHB Noah Pena
|
0-0: Swinging Strike 0-1: Ball 1-1: Swinging Strike 1-2: Foul Ball, location: 2F 1-2: Ball 2-2: Ball 3-2: Base on Balls
|
|
Batting: LHB Ramon Garduno
|
0-0: Called Strike 0-1: Ground out 4-3 (Groundball, 4, EV 81.9 MPH)
|
| Bottom of the 7th over - 1 run, 2 hits, 0 errors, 1 left on base; Madison 4 - Portland 6 |
| TOP OF THE 8TH |
|
Madison Brewers batting - Pitching for Portland Angels : RHP Nick Kempson
|
|
Now at 1B: Arnaud Derosiers
|
|
|
Batting: RHB Tony Beaumond
|
0-0: Ball 1-0: Foul Ball, location: 2F 1-1: Called Strike 1-2: Hit by Pitch
|
|
Batting: RHB Xiao-shuang Au
|
0-0: Called Strike 0-1: Reached on error, E6 (Groundball, 6, EV 106.9 MPH) Tony Beaumond to second
|
|
Batting: RHB Eli Valles
|
0-0: Called Strike 0-1: Ball 1-1: Foul Ball, location: 2F 1-2: Ball 2-2: Grounds into double play, 6-4-3 (Groundball, 56, EV 85.0 MPH) Tony Beaumond to third
|
|
Pinch Hitting: LHB Steven Donovan
|
0-0: Ball 1-0: Ball 2-0: Ball 3-0: Base on Balls
|
|
Batting: RHB Todd Massad
|
0-0: Ball 1-0: Called Strike 1-1: Fielders Choice at 2nd, 5-4 (Groundball, 5L, EV 104.4 MPH)
|
| Top of the 8th over - 0 runs, 0 hits, 1 error, 2 left on base; Madison 4 - Portland 6 |
| BOTTOM OF THE 8TH |
|
Portland Angels batting - Pitching for Madison Brewers : RHP Ryan Powers
|
|
Now in LF: Steven Donovan
|
|
|
Batting: SHB Danny Gelinas
|
0-0: Called Strike 0-1: Ball 1-1: Ball 2-1: Foul Ball, location: 2F 2-2: Ball 3-2: Base on Balls
|
|
Batting: RHB Brendan Garoutte
|
0-0: Swinging Strike 0-1: Ball 1-1: Ball 2-1: Foul Ball, location: 2F 2-2: Foul Ball, location: 2F 2-2: Ball 3-2: Fielders Choice at 2nd, 6-4 (Groundball, 6, EV 92.5 MPH)
|
|
Pitching: LHP Hiroshi Matsuda
|
|
|
Batting: SHB Yuya Hirata
|
0-0: SINGLE (Groundball, 3D, EV 100.0 MPH) Brendan Garoutte to second Throwing error, E9 Brendan Garoutte scores Yuya Hirata to second
|
|
Batting: RHB Carlos Gonzales
|
0-0: SINGLE (Flyball, 78S, EV 85.6 MPH) Yuya Hirata to third
|
|
Batting: RHB Dan Myers
|
0-0: Called Strike 0-1: Ball 1-1: Foul Ball, location: 2F 1-2: Foul Ball, location: 2F 1-2: Ball 2-2: Ball 3-2: Base on Balls Carlos Gonzales to second
|
|
Batting: RHB Aaron Bryant
|
0-0: Ball 1-0: Ball 2-0: Foul Ball, location: 2F 2-1: Fly out, F6 (Popup, 4MD, EV 53.8 MPH)
|
|
Batting: RHB Dan Thomey
|
0-0: Swinging Strike 0-1: Called Strike 0-2: Strikes out swinging
|
| Bottom of the 8th over - 1 run, 2 hits, 1 error, 3 left on base; Madison 4 - Portland 7 |
| TOP OF THE 9TH |
|
Madison Brewers batting - Pitching for Portland Angels : RHP Nick Kempson
|
|
Now at SS: Mario Martinez
|
|
|
Batting: RHB Mohammed bin Ubaida
|
0-0: Swinging Strike 0-1: Swinging Strike 0-2: Strikes out swinging
|
|
Pinch Hitting: RHB Steve Errico
|
0-0: Called Strike 0-1: Fly out, F4 (Line Drive, 4, EV 66.2 MPH)
|
|
Batting: LHB Greg Reedy
|
0-0: Called Strike 0-1: Ball 1-1: Ball 2-1: Ground out 6-3 (Groundball, 4M, EV 113.8 MPH)
|
| Top of the 9th over - 0 runs, 0 hits, 0 errors, 0 left on base; Madison 4 - Portland 7 |
|